 Seeded DCSS version 0.30-a0-422-g946f4849ff (webtiles) character file.

Game seed: 4009391239190853477 (custom seed)

9 flotson the Sneak (level 2, -2/24 HPs)
             Began as a Demonspawn Delver on Dec 8, 2022.
             Was an Initiate of Hepliaklqana.
             Slain by an iguana (6 damage)
             ... on level 4 of the Dungeon.
             The game lasted 00:00:39 (97 turns).

flotson the Sneak (Demonspawn Delver)                 Turns: 97, Time: 00:00:40

Health: -2/24      AC:  3    Str: 12    XL:     2   Next: 6%
Magic:  2/2        EV: 12    Int: 13    God:    Hepliaklqana [......]
Gold:   0          SH:  0    Dex: 14    Spells: 1/1 levels left

rFire   . . .      SeeInvis .    a - +0 hand axe
rCold   . . .      Faith    .    (no shield)
rNeg    . . .      Spirit   .    b - +0 leather armour
rPois   .          Reflect  .    (no helmet)
rElec   .          Harm     .    (no cloak)
rCorr   .          Rampage  .    (no gloves)
Will    .....                    (no boots)
Stlth   +++.......               (no amulet)
HPRegen 0.24/turn                (no ring)
MPRegen 0.08/turn                (no ring)

@: hasted, very quick
A: big brain 1
a: Renounce Religion


You were on level 4 of the Dungeon.
You worshipped Hepliaklqana.
Hepliaklqana was noncommittal.
You visited 2 branches of the dungeon, and saw 3 of its levels.

Inventory:

Hand Weapons
 a - a +0 hand axe (weapon)
Armour
 b - a +0 leather armour (worn)
Wands
 g - a wand of digging (3)
Scrolls
 c - a scroll of fog
 d - a scroll of magic mapping
 e - a scroll of fear
 h - a scroll of teleportation {unknown}


   Skills:
 + Level 3.1 Fighting
 - Level 1.7 Axes
 + Level 0.4 Armour
 + Level 2.0 Dodging
 + Level 4.6 Stealth
 + Level 0.5 Evocations


You had one spell level left.
You didn't know any spells.
Your spell library was empty.

Dungeon Overview and Level Annotations

Branches:
Dungeon (5/15)             Temple (1/1) D:5

Altars:
Cheibriados
Dithmenos
Gozag
Hepliaklqana
Kikubaaqudgha
Ru
Sif Muna
Xom
Yredelemnul

Shops:
D:4 *


Innate Abilities, Weirdness & Mutations

You have an unusually large brain. (Int +2)


Message History

The adder is heavily wounded.
The adder closely misses you. The adder completely misses you.
You hit the adder.
You kill the adder!
Your Dodging skill increases to level 2!
You have reached level 2!
Your demonic ancestry asserts itself...
Your brain expands.
HP restored.
You see here an adder corpse.
Found Negod's Assorted Antiques.
A goblin and an iguana come into view.
The iguana hisses angrily.
The iguana attacks as you move away! The iguana bites you!
Ouch! That really hurt!
You feel yourself speed up. The iguana closely misses you.
You closely miss the iguana.
The iguana bites you but does no damage.
You hit the iguana.
The iguana is lightly wounded.
The iguana completely misses you.
You completely miss the iguana.
The iguana is lightly wounded.
The iguana closely misses you.
You hit the iguana.
The iguana is moderately wounded.
The iguana bites you.
You hit the iguana.
The iguana is heavily wounded.
The iguana bites you.
You barely miss the iguana.
The iguana is heavily wounded.
You hit the iguana.
The iguana is severely wounded.
The iguana bites you!
* * * LOW HITPOINT WARNING * * *
You hit the iguana.
The iguana is severely wounded.
The iguana bites you.
You die...

#.# #.#g# #.#∩# #.#.#
#.#.# #.#.# #.#.# #.#@#
##########.#l########
#.....>†............###
........................
........................
.~..~~~~.~~.~~~~~~.~~..~
≈~~~≈≈~~~~~~~~≈~≈~≈~~~~~
≈≈≈≈≈≈≈≈≈~~≈≈≈≈≈≈≈≈≈≈≈~~
≈≈≈≈≈≈≈≈≈≈≈≈≈≈≈≈≈≈≈#####


You could see an iguana and a goblin (asleep).

Vanquished Creatures
  An adder (D:4)
1 creature vanquished.

Notes
Turn   | Place    | Note
-------+----------+-------------------------------------------
     0 | D:5      | flotson the Demonspawn Delver began the quest for the Orb.
     0 | D:5      | Reached XP level 1. HP: 18/18 MP: 1/1
     4 | D:5      | Found a staircase to the Ecumenical Temple.
     7 | D:5      | Noticed a jelly
    13 | Temple   | Entered the Ecumenical Temple
    23 | Temple   | Became a worshipper of Hepliaklqana the Forgotten
    66 | D:4      | Gained mutation: You have an unusually large brain. (Int
                  | +2) [demonic ancestry]
    66 | D:4      | Reached XP level 2. HP: 21/24 MP: 2/2
    80 | D:4      | Found Negod's Assorted Antiques.
    97 | D:4      | Slain by an iguana

Illustrated notes

Levels and vault maps discovered:
D:4:      minmay_goblin_kobold_castle, layout_loops_ring, serial_shops, shop,
          kennysheep_nub, kennysheep_generic_room_16
D:5:      layout_basic, minmay_temple_entry_waves, uniq_eustachio
Temple:   nicolae_temple_two_arcs

Skill      XL: |  1 |
---------------+----+-----
Dodging        | 2 |  2.0
Fighting       | |  3.1
Axes           | |  1.7
Armour         | |  0.4
Stealth        | |  4.6
Evocations     | |  0.5

Action                   || total
-------------------------++-------
Melee: Hand axe          ||    12
  Use: Potion            ||     1
Armor: Leather armour    ||     1
Dodge: Dodged            ||     9

Table legend: (Time is in decaauts)
 A = Elapsed time spent in this place.
 B = Non-inter-level travel time spent in this place.
 C = Inter-level travel time spent in this place.
 D = Time resting spent in this place.
 E = Time spent auto-exploring this place.
 F = Levels seen in this place.
 G = Mean time per level.
                   A        B        C        D        E       F      G
               +--------+--------+--------+--------+--------+-----+--------+
         Total |     96 |     86 |     10 |      0 |     22 |   3 |   32.0 |
       Dungeon |     76 |     75 |      1 |      0 |     18 |   2 |   38.0 |
        Temple |     19 |     10 |      9 |      0 |      4 |   1 |   19.0 |
               +--------+--------+--------+--------+--------+-----+--------+

Top non-repeatable levels by time:
     D:5: 41 daAuts
     D:4: 35 daAuts
  Temple: 19 daAuts
